 Dungeon Crawl Stone Soup version 0.21.1-1-g345015f (webtiles) character file.

2 Yawgmoth the Sneak (level 1, 0/15 HPs)
             Began as a Naga Wizard on Feb 11, 2018.
             Slain by a kobold (2 damage)
             ... on level 1 of the Dungeon.
             The game lasted 00:00:59 (126 turns).

Yawgmoth the Sneak (Naga Wizard)                     Turns: 126, Time: 00:01:00

Health: 0/15       AC:  1    Str:  9    XL:     1   Next: 40%
Magic:  0/4        EV: 10    Int: 18    God:
Gold:   14         SH:  0    Dex:  9    Spells: 5/6 levels left

rFire    . . .     SeeInvis +   (no weapon)
rCold    . . .     Gourm    .   (no shield)
rNeg     . . .     Faith    .   a - +0 robe
rPois    +         Spirit   .   b - +0 hat
rElec    .         Reflect  .   (no cloak)
rCorr    .         Harm     .   (no gloves)
MR       .....                  (no barding)
Stlth    ++........             (no amulet)
HPRegen  0.05/turn              (no ring)
MPRegen  0.09/turn              (no ring)

@: very slightly contaminated, very slow
A: large, see invisible, deformed body, poison resistance, slowness 2, slow
metabolism 1, spit poison 1, AC +0
a: Spit Poison


You were on level 1 of the Dungeon.
You were not hungry.

You visited 1 branch of the dungeon, and saw 1 of its levels.

You collected 14 gold pieces.

Inventory:

Armour
 a - a +0 robe (worn)
 b - a +0 hat (worn)
Scrolls
 e - a scroll of identify {unknown}
Books
 c - a book of Minor Magic
Comestibles
 d - a ration


   Skills:
 - Level 1.5 Dodging
 - Level 3.0 Stealth
 + Level 3.0 Spellcasting
 + Level 1.2 Conjurations
   Level 1.0 Summonings
   Level 1.0 Translocations


You had 5 spell levels left.
You knew the following spells:

 Your Spells              Type           Power        Failure   Level  Hunger
a - Magic Dart            Conj           #...         10%         1    None


Dungeon Overview and Level Annotations

Branches:
Dungeon (1/15)

Altars:


Innate Abilities, Weirdness & Mutations

You cannot wear boots.
Your serpentine skin is tough. (AC +0)
You have supernaturally acute eyesight. (SInv)
Armour fits poorly on your strangely shaped body.
Your system is resistant to poisons. (rPois)
You cover ground very slowly.
You have a slow metabolism.
You can spit poison.


Message History

Welcome, Yawgmoth the Naga Wizard.
The bosom of this dungeon contains the fabled artefact, the Orb of Zot.
Found a staircase leading out of the dungeon.
Okay, then.
Drop what? 4/52 slots (_ for help) (? for menu, Esc to quit)
Okay, then.
Unknown command.
Unknown command.
Unknown command.
Okay, then.
Unknown command.
You open the door.
There is an open door here.
e - a scroll labeled VEDEUTR ZYIJ You see here a robe.
A rat comes into view.
Aim: a rat The magic dart hits the rat.
You kill the rat!
You now have 3/4 mp.
You start resting.
MP restored: 4 You now have 14 gold pieces.
A goblin comes into view. It is wielding a club.
Aim: a goblin, wielding a club (resting)
The magic dart hits the goblin.
The goblin shouts!
You now have 3/4 mp.
Aim: a goblin, wielding a club (heavily wounded)
You miscast Magic Dart.
You are very lightly contaminated with residual magic.
Wisps of smoke drift from your hands.
A kobold comes into view. It is wielding a dagger.
You now have 2/4 mp.
Aim: a goblin, wielding a club (heavily wounded)
The magic dart hits the goblin.
The kobold shouts!
You hear a shout!
You now have 1/4 mp.
Aim: a goblin, wielding a club (severely wounded)
The magic dart hits the goblin.
You kill the goblin!
You now have 0/4 mp.
Aim: a kobold, wielding a dagger The splash of poison misses the kobold.
You feel slightly more hungry.
You don't have enough magic to cast that spell.
A kobold comes into view.
You hit the kobold but do no damage.
You have got your breath back.
The kobold barely misses you.
Aim: a kobold, wielding a dagger The magic dart hits the kobold.
The kobold barely misses you.
You now have 0/4 mp.
Aim: a kobold, wielding a dagger (severely wounded)
The splash of poison hits the kobold.
The kobold is poisoned.
You kill the kobold!
You feel slightly more hungry.
You barely miss the kobold. The kobold hits you.
You take 4 damage, and have 11/15 hp.
MASSIVE DAMAGE!!
You barely miss the kobold. The kobold hits you.
You take 1 damage, and have 10/15 hp.
You barely miss the kobold.
You have got your breath back.
The kobold hits you.
You take 4 damage, and have 6/15 hp.
MASSIVE DAMAGE!!
You barely miss the kobold. The kobold barely misses you.
You hit the kobold but do no damage. The kobold barely misses you.
You closely miss the kobold. The kobold hits you.
* * * LOW HITPOINT WARNING * * *
You take 4 damage, and have 2/15 hp.
MASSIVE DAMAGE!!
You hit the kobold but do no damage. The kobold hits you.
You die...

#.#.##.#.#
#.#.##.#.#
#.#.##.#.#
#.#.##.#.#
#.##.#.# #.##.#.#
#.##.#.########
#.##....[.....#
#.######.####@# #
#.######.####K# .#
#.............#..#
#.#####.......)..#
#.#
#..............
#.#
#..............
#.#
#..###.###K###.
#.# #......# ...
#.### #..##### ...


You could see a kobold.

Vanquished Creatures
  A goblin (D:1)
  A kobold (D:1)
  A rat (D:1)
3 creatures vanquished.

Notes
Turn   | Place    | Note
-------+----------+-------------------------------------------
     0 | D:1      | Yawgmoth the Naga Wizard began the quest for the Orb.
     0 | D:1      | Reached XP level 1. HP: 15/15 MP: 4/4
   125 | D:1      | HP: 2/15 [kobold (4)]
   126 | D:1      | Slain by a kobold

Action                   || total
-------------------------++-------
Melee: Unarmed           ||     8
 Cast: Magic Dart        ||     5
 Abil: Spit Poison       ||     2
Dodge: Dodged            ||     4

Vault maps used:
D:1:      lightli_arrival_statuegarden

Table legend:
 A = Turns spent in this place as a percentage of turns spent in the entire game.
 B = Non-inter-level travel turns spent in this place as a percentage of non-inter-level travel turns spent in the entire game.
 C = Inter-level travel turns spent in this place as a percentage of turns spent in this place.
 D = Turns resting spent in this place as a percentage of non-inter-level travel turns spent in this place.
 E = Turns spent auto-exploring this place as a percentage of non-inter-level travel turns spent in this place.
 F = Non-inter-level travel turns spent in this place divided by the number of levels of this place that you've seen.
                   A       B       C       D       E      F
               +-------+-------+-------+-------+-------+----------------------
         Total | 100.0 | 100.0 |   0.0 |   8.7 |  73.8 | 126.0
       Dungeon | 100.0 | 100.0 |   0.0 |   8.7 |  73.8 | 126.0
               +-------+-------+-------+-------+-------+----------------------

Table legend:
 A = Kills in this place as a percentage of kills in entire the game.
 B = Kills by you in this place as a percentage of kills by you in the entire game.
 C = Kills by friends in this place as a percentage of kills by friends in the entire game.
 D = Other kills in this place as a percentage of other kills in the entire game.
 E = Experience gained in this place as a percentage of experience gained in the entire game.
 F = Experience gained in this place divided by the number of levels of this place that you have seen.
                   A       B       C       D       E      F
               +-------+-------+-------+-------+-------+----------------------
         Total | 100.0 | 100.0 |   N/A |   N/A | 100.0 |   4.0
       Dungeon | 100.0 | 100.0 |   N/A |   N/A | 100.0 |   4.0
               +-------+-------+-------+-------+-------+----------------------
